 Dungeon Crawl Stone Soup version 0.27.1-34-g3ba077fa99 (webtiles) character file.

Game seed: 12367055981940563422

41 MisterFreud the Chopper (level 3, -5/31 HPs)
             Began as a Hill Orc Abyssal Knight on Jan 3, 2022.
             Was a Follower of Lugonu.
             Slain by a gnoll (11 damage)
             ... on level 1 of the Dungeon.
             The game lasted 00:02:17 (1888 turns).

MisterFreud the Chopper (Hill Orc Abyssal Knight)   Turns: 1888, Time: 00:02:17

Health: -5/31      AC:  3    Str: 14    XL:     3   Next: 52%
Magic:  4/4        EV: 11    Int: 12    God:    Lugonu [*.....]
Gold:   67         SH:  0    Dex: 11    Spells: 2/2 levels left

rFire    . . .     SeeInvis .   a - +1 hand axe
rCold    . . .     Faith    .   (no shield)
rNeg     . . .     Spirit   .   b - +0 leather armour
rPois    .         Reflect  .   (no helmet)
rElec    .         Harm     .   (no cloak)
rCorr    .         Rampage  .   (no gloves)
Will     .....                  (no boots)
Stlth    +.........             (no amulet)
HPRegen  0.10/turn              (no ring)
MPRegen  0.09/turn              (no ring)

@: no status effects
A: no striking features
a: Renounce Religion, Depart the Abyss


You were on level 1 of the Dungeon.
You worshipped Lugonu.
Lugonu was aware of your devotion.
You visited 1 branch of the dungeon, and saw 2 of its levels.
You visited the Abyss 1 time.

You collected 117 gold pieces.
You spent 50 gold pieces at shops.

Inventory:

Hand Weapons
 a - a +1 hand axe (weapon)
Missiles
 d - 16 poisoned darts
Armour
 b - a +0 leather armour (worn)
Scrolls
 e - 2 scrolls of identify {unknown}
 h - 3 scrolls of fear {unknown}
 j - a scroll of noise {unknown}
Potions
 c - 3 potions of curing {unknown}
 f - a potion of haste {unknown}
 g - a potion of heal wounds
 i - a potion of flight {unknown}


   Skills:
 - Level 3.6 Fighting
 + Level 5.1 Axes
 - Level 2.1 Armour
 - Level 0.7 Dodging
 - Level 2.4 Invocations


You had 2 spell levels left.
You didn't know any spells.
Your spell library contained the following spells:

 Spells                   Type           Power      Damage    Failure   Level
 Alistair's Intoxication  Tmut/Pois      0%         N/A       100%        5
 Borgnjor's Vile Clutch   Necr/Erth      0%         N/A       100%        5
 Eringya's Noxious Bog    Tmut/Pois      0%         N/A       100%        6


Dungeon Overview and Level Annotations

Branches:
Dungeon (2/15)

Altars:

Shops:
D:1 (!


Message History

You see here 11 stones.
The gnoll throws a throwing net.
The throwing net closely misses you.
You see here a throwing net.
The gnoll throws a throwing net.
The throwing net hits you.
You become entangled in the net!
Things that are here:
a throwing net; a ball python corpse You struggle against the net.
You struggle against the net.
You rip the net and break free!
There is a stone staircase leading up here.
The gnoll barely misses you.
You climb upwards.
There is a stone staircase leading down here.
You see here a +2 dagger of flaming.
There is a stone staircase leading down here.
You climb downwards.
There is a stone staircase leading up here.
A gnoll comes into view. It is wielding a +0 spear.
The gnoll shouts!
The gnoll closely misses you.
You hit the gnoll.
The gnoll is heavily wounded.
The gnoll hits you with a +0 flail! The gnoll closely misses you.
You hit the gnoll.
The gnoll is almost dead.
The gnoll hits you with a +0 flail! The gnoll barely misses you.
You closely miss the gnoll.
The gnoll is almost dead.
The gnoll hits you with a +0 flail. The gnoll closely misses you.
There is a stone staircase leading up here.
The gnoll hits you with a +0 flail!
* * * LOW HITPOINT WARNING * * *
The gnoll barely misses you.
You climb upwards.
There is a stone staircase leading down here.
You barely miss the gnoll.
The gnoll is almost dead.
The gnoll hits you with a +0 flail!
You die...

........##.##.# #..............
######.###.##.# #.############. #
#.# #.##.# #.# #.... #.# #.##.#
#.# #.P.P #.# #.##.# #.# ##.P∩P
#.# #.##.# #.# #..PPP ####
#.###.##.#####.########.....
...###..........................#
##.........##...@g..#############
####################


You could see a gnoll.

Vanquished Creatures
  A gnoll (D:1)
  A dart slug (D:1)
  4 ball pythons
  3 endoplasms
  2 giant cockroaches (D:1)
  5 goblins (D:1)
  2 hobgoblins
  2 kobolds (D:1)
  A quokka (D:1)
  A bat (D:1)
  2 frilled lizards
  2 rats (D:1)
26 creatures vanquished.

Notes
Turn   | Place    | Note
-------+----------+-------------------------------------------
     0 | Abyss:1  | MisterFreud the Hill Orc Abyssal Knight began the quest for
                  | the Orb.
     0 | Abyss:1  | Reached XP level 1. HP: 19/19 MP: 2/2
    20 | Abyss:1  | Found a corrupted altar of Lugonu.
    58 | Abyss:1  | Noticed a neqoxec
    60 | D:1      | Escaped the Abyss
   135 | D:1      | Found Erghaa's Weapon Emporium.
   148 | D:1      | Reached skill level 3 in Axes
   373 | D:1      | Reached XP level 2. HP: 20/26 MP: 3/3
   513 | D:1      | Reached skill level 4 in Axes
   650 | D:1      | Reached XP level 3. HP: 17/31 MP: 4/4
   962 | D:1      | Found Tanek's Distillery.
   969 | D:1      | Bought a potion of heal wounds for 50 gold pieces
  1268 | D:1      | Found Oxaiheih's Antique Weapon Emporium.
  1411 | D:2      | Reached skill level 5 in Axes
  1888 | D:1      | Slain by a gnoll

Illustrated notes

Levels and vault maps discovered:
D:1:      onia_arrival_mini_maze_b, layout_loops_ring, serial_shops,
          nicolae_shop_stone, nicolae_shop_overgrown_old_shop, shop
D:2:      layout_loops_ring, shapermc_ecumenical_altar_ellora,
          lemuel_old_faithful

Skill      XL: |  1  2  3 |
---------------+----------+-----
Axes           | 3 4 5 |  5.1
Fighting       | |  3.6
Armour         | |  2.1
Dodging        | |  0.7
Invocations    | |  2.4

Action                   || total
-------------------------++-------
Melee: Hand axe          ||    81
Armor: Leather armour    ||    15
Dodge: Dodged            ||    48
